 Seeded DCSS version 0.30.0-19-g36f170ea60 (webtiles) character file.

Game seed: 5 (custom seed)

80833 Kazon the Blocker (level 15, -6/126 HPs)
             Began as a Red Draconian Fighter on May 29, 2023.
             Was the Champion of Makhleb.
             Mangled by a thorn hunter (10 damage)
             ... on level 1 of the Swamp on May 30, 2023.
             The game lasted 02:45:43 (18189 turns).

Kazon the Blocker (Red Draconian Fighter)          Turns: 18189, Time: 02:45:43

Health: -6/126     AC:  0    Str: 21    XL:     15   Next: 25%
Magic:  0/23       EV: 19    Int: 10    God:    Makhleb [******]
Gold:   1875       SH:  0    Dex: 14    Spells: 14/14 levels left

rFire   . . .        q - melded +8 whip "Snakebite" {venom, curare, rPois}
rCold   . . .        c - melded +0 tower shield
rNeg    . . .        (body armour unavailable)
rPois   .            (helmet currently unavailable)
rElec   .            d - melded scarf {rC+ rF+}
rCorr   .            z - melded +1 pair of gloves {Str+3}
SInv    .            (boots currently unavailable)
Will    +....        D - amulet of guardian spirit
Stlth   +++          k - melded ring of the Tortoise {AC+8}
HPRegen 0.41/turn    N - melded +5 ring of evasion
MPRegen 0.18/turn

%: guardian spirit
@: pig-form, very quick
A: fast, no casting, (breathe fire), AC +9, small, unfitting armour, (fire
resistance 1), (cold-blooded)
a: Renounce Religion, Minor Destruction, Lesser Servant of Makhleb, Major
Destruction, Greater Servant of Makhleb


You were on level 1 of the Swamp.
You worshipped Makhleb.
Makhleb was exalted by your worship.
You were a filthy swine.
You visited 5 branches of the dungeon, and saw 22 of its levels.
You also visited: Ossuary and Ice Cave.

You collected 2525 gold pieces.
You spent 650 gold pieces at shops.

Inventory:

Hand Weapons
 e - a +2 vampiric dagger
 q - the +8 whip "Snakebite" (melded) {venom, curare, rPois}
   (You acquired it on level 1 of the Dungeon)

   rPois:     It protects you from poison.
 s - the +10 zealot's sword {holy, Zealotry, *Rage rN+ EV+3}
   (You found it on level 3 of the Lair of Beasts)

   Zealotry:  Whenever the wielder enters a berserk rage, their allies are
   berserked alongside them.
   EV:        It affects your evasion (+3).
   rN:        It protects you from negative energy.
   *Rage:     It berserks you when you make melee attacks (+20% chance).
 v - a +0 vampiric war axe
 w - the +2 sling "Qeuhanocyt" {speed, rElec Str-3 Dex+2}
   (You found it on level 3 of the Dungeon)

   Str:       It affects your strength (-3).
   Dex:       It affects your dexterity (+2).
   rElec:     It insulates you from electricity.
 U - a +1 demon whip of venom
Missiles
 a - 24 boomerangs (quivered)
 b - 3 silver boomerangs
 f - 3 boomerangs of dispersal
 u - 19 poisoned darts
 O - 6 javelins
 R - 2 throwing nets
 Z - a curare-tipped dart
Armour
 c - a +0 tower shield (melded)
 d - a scarf of resistance (melded)
 z - a +1 pair of gloves of strength (melded)
Jewellery
 k - the ring of the Tortoise (melded) {AC+8}
   (You found it in an ice cave)

   [ring of protection]

   AC:        It affects your AC (+8).
 y - a +6 ring of dexterity
 D - an amulet of guardian spirit (around neck)
 E - a +6 ring of strength
 K - a ring of protection from fire
 N - a +5 ring of evasion (melded)
 Y - a ring of protection from cold
Wands
 A - a wand of polymorph (5)
 B - a wand of paralysis (20)
 H - a wand of iceblast (5)
 P - a wand of digging (7)
 S - a wand of light (15)
 W - a wand of flame (28)
Scrolls
 j - 8 scrolls of teleportation
 l - 2 scrolls of fog
 m - 2 scrolls of magic mapping
 n - 2 scrolls of summoning
 o - 4 scrolls of blinking
 F - a scroll of poison
 J - 3 scrolls of fear
Potions
 g - a potion of resistance
 h - 3 potions of might
 i - 6 potions of curing
 p - 6 potions of flight
 r - 2 potions of berserk rage
 t - 3 potions of invisibility
 x - 2 potions of heal wounds
 C - 3 potions of lignification
 L - a potion of haste
 Q - 2 potions of cancellation
Miscellaneous
 X - a phial of floods


   Skills:
 + Level 10.2 Fighting
 + Level 2.4(5.7) Short Blades
 + Level 8.2(8.4) Long Blades
 + Level 5.6(8.2) Axes
 + Level 9.4(10.1) Maces & Flails
 + Level 2.0 Ranged Weapons
 + Level 5.3 Throwing
 + Level 10.0 Dodging
 + Level 4.9 Stealth
 + Level 11.2 Shields
 + Level 11.1 Invocations
 + Level 11.1 Evocations


You had 14 spell levels left.
You didn't know any spells.
Your spell library contained the following spells:

 Spells                   Type           Power      Damage    Failure   Level
 Foxfire                  Conj/Fire      0%         2x1d4     36%         1
 Necrotise                Necr           0%         1d4       36%         1
 Ensorcelled Hibernation  Hex/Ice        0%         N/A       50%         2
 Static Discharge         Conj/Air       0%         2-2/arc   50%         2
 Frozen Ramparts          Ice            0%         1d1       75%         3
 Hailstorm                Conj/Ice       0%         3d3       75%         3
 Ignite Poison            Fire/Tmut/Pois 0%         N/A       75%         3
 Vampiric Draining        Necr           0%         2d6       75%         3
 Airstrike                Air            0%         2d(0-16)  98%         4
 Ice Form                 Ice/Tmut       0%         N/A       98%         4
 Leda's Liquefaction      Hex/Erth       0%         N/A       98%         4
 Sticky Flame             Conj/Fire      0%         2d3       98%         4
 Summon Ice Beast         Ice/Summ       0%         N/A       98%         4
 Summon Lightning Spire   Summ/Air       0%         N/A       98%         4
 Agony                    Necr           0%         N/A       100%        5
 Alistair's Intoxication  Tmut/Pois      0%         N/A       100%        5
 Blade Hands              Tmut           0%         N/A       100%        5
 Borgnjor's Vile Clutch   Necr/Erth      0%         N/A       100%        5
 Fireball                 Conj/Fire      0%         3d3       100%        5
 Lee's Rapid Deconstruct  Erth           0%         3d4*      100%        5
 Summon Forest            Summ/Tloc      0%         N/A       100%        5
 Conjure Ball Lightning   Conj/Air       0%         3x3d6     100%        6
 Eringya's Noxious Bog    Tmut/Pois      0%         N/A       100%        6
 Plasma Beam              Fire/Air       0%         2x1d11    100%        6
 Simulacrum               Ice/Necr       0%         N/A       100%        6
 Starburst                Conj/Fire      0%         6d3       100%        6
 Statue Form              Tmut/Erth      0%         N/A       100%        6
 Summon Hydra             Summ           0%         N/A       100%        7
 Discord                  Hex            0%         N/A       100%        8
 Disjunction              Tloc           0%         N/A       100%        8
 Ignition                 Fire           0%         3d3       100%        8


Dungeon Overview and Level Annotations

Branches:
Dungeon (13/15)            Temple (1/1) D:4            Lair (5/5) D:8
  Swamp (1/4) Lair:3        Snake (0/4) Lair:3        Slime (0/5) Lair:5
    Orc (2/2) D:11            Elf (0/3) Orc:2        Vaults (0/5) D:13
Ossuary (visited)           IceCv (visited)

Altars:
Dithmenos
Fedhas
Gozag
Hepliaklqana
Makhleb
Okawaru
Qazlal
Ru
Sif Muna
Vehumet
Wu Jian
Xom
The Shining One

Shops:
D:8 *   Orc:2 [(**

Annotations:
Swamp:1 Kirke


Innate Abilities, Weirdness & Mutations

You are a filthy swine.
You move quickly.
Your equipment is almost entirely melded.
You are incapable of wielding weapons or throwing items.
You cannot cast spells.
((You can breathe blasts of fire.))
((Your fiery red scales are hard. (AC +9)))
You cannot fit into any form of body armour.
((Your flesh is heat resistant. (rF+)))
((You are cold-blooded and may be slowed by cold attacks.))


Message History

You enter the shallow water.
Moving in this stuff is going to be slow.
You see here a swamp worm corpse.
You enter the shallow water.
Moving in this stuff is going to be slow.
You enter the shallow water.
Moving in this stuff is going to be slow.
The thorn hunter fires a volley of thorns at you.
The volley of thorns hits you!!
The thorn hunter fires a volley of thorns at you.
The volley of thorns hits you!!
A demon appears!
The thorn hunter fires a volley of thorns at you.
The volley of thorns hits you!!!
The will-o-the-wisp blinks!
The thorn hunter fires a volley of thorns at you.
The volley of thorns hits you!!
* * * LOW HITPOINT WARNING * * *
The will-o-the-wisp gestures.
The will-o-the-wisp conjures some foxfire!
Your hellwing hits the thorn hunter!
Your hellwing hits the thorn hunter but does no damage.
The thorn hunter hits your hellwing!! The thorn hunter hits your hellwing!
A foxfire comes into view.
A foxfire comes into view.
The foxfire hits you!
* * * LOW HITPOINT WARNING * * *
The thorn hunter hits your hellwing!!
Your hellwing dies!
Your hellwing disappears in a puff of smoke!
You feel better. The foxfire hits you!!
* * * LOW HITPOINT WARNING * * *
The will-o-the-wisp gestures.
The will-o-the-wisp conjures some foxfire! 2 foxfires come into view.
Okay, then.
You feel much better. The foxfire hits you!!
* * * LOW HITPOINT WARNING * * *
The thorn hunter hits you!
You die...

♣♣♣♣...~~...~~♣♣ ♣♣.♣♣~♣.♣♣♣..♣♣
♣♣~.§...~~....~..♣♣.♣..♣.♣.♣♣.♣♣
.....~~.......~.♣.♣.♣♣~♣..♣..♣♣
~~~.♣~~~..~~.~~~~~.♣.♣.~~♣♣♣♣..♣
~~~...~~§.~~##~~♣~.♣♣..♣♣♣ ♣♣..
§~~~<)~~~.~~##~~~.♣♣♣♣...♣ ♣
~..♣.~~~....#...†♣♣♣♣♣.♣♣.♣
...~~~~~....##..f.~♣♣...♣ ♣
.~~.~~~~....##..hv§§♣.~♣♣
♣.....[.....##.....v§~~♣
♣.....#####.##.##..#§.♣♣
♣♣..~######.########§.♣♣♣♣♣♣
~...~~~.....##.....~f.~~...♣
~.~~~~~~♣...##...~..♣♣♣.~~.♣
♣♣♣.~~.♣♣♣...#..~~~.♣ ♣~~~♣
♣~~~.♣♣♣♣.##..~~~.♣ ♣♣♣♣
§.~~.♣♣~.†#.~.~.~♣~♣


You could see a thorn hunter and a will-o-the-wisp.

Vanquished Creatures
  Rupert (D:12)
  Snorg (D:10)
  Josephine (Orc:1)
  5 hydras
  4 ogre magi (Orc:2)
  4 vault guards (D:13)
  2 centaur warriors (D:12)
  13 two-headed ogres
  3 death yaks
  3 boulder beetles
  A tengu warrior (D:11)
  A skyshark (Lair:4)
  Amaemon (Lair:2)
  A swamp dragon (Swamp:1)
  2 spriggan druids (Swamp:1)
  2 deep elf pyromancers (D:12)
  An orc knight (D:12)
  An orc sorcerer (Orc:1)
  2 ugly things
  2 manticores
  3 cyclopes
  9 elephants
  Maurice (D:9)
  A black mamba (shapeshifter) (D:13)
  4 black mambas
  14 cane toads
  4 gargoyles
  An orange demon (Lair:2)
  An efreet (D:13)
  A rime drake (IceCv)
  An unseen horror (D:10)
  10 komodo dragons
  A queen bee (shapeshifter) (D:12)
  8 polar bears
  A meliai (shapeshifter) (D:13)
  5 trolls
  A tyrant leech (Swamp:1)
  7 hornets
  3 blink frogs
  A slime creature (D:12)
  3 shadows
  2 vampires
  Sigmund (D:4)
  A water elemental (D:12)
  5 wraiths
  8 wyverns
  13 spriggans
  2 hogs (Swamp:1)
  27 yaks
  6 basilisks
  3 steam dragons
  2 vampire mosquitoes (Swamp:1)
  2 wargs
  4 swamp worms
  An acid dragon (D:13)
  Duvessa (D:6)
  14 water moccasins
  An ice beast (D:8)
  8 orc warriors
  7 black bears
  A sky beast (D:7)
  42 wolves
  4 centaurs
  27 ogres
  4 boggarts (Lair:5)
  A phantom (D:11)
  An elf zombie (Ossuary)
  2 kobold brigands
  12 bullfrogs
  A gnoll sergeant (D:8)
  3 scorpions
  11 killer bees
  A troll zombie (D:11)
  22 wights
  Dowan (D:6)
  2 lindwurm simulacra (IceCv)
  5 howler monkeys
  A vampire bat (D:7)
  3 electric eels
  A jelly (D:5)
  A komodo dragon simulacrum (IceCv)
  6 hounds
  A wyvern simulacrum (D:8)
  A centaur zombie (Ossuary)
  17 orc priests
  3 human zombies (Ossuary)
  6 iguanas
  18 orc wizards
  11 ogre zombies
  A centaur simulacrum (D:8)
  7 mummies (Ossuary)
  15 gnolls
  3 acid dragon simulacra (IceCv)
  9 adders
  A shadow imp (D:8)
  13 white imps
  2 ufetubi
  4 steam dragon simulacra (IceCv)
  A worm zombie (D:7)
  2 adder zombies (Ossuary)
  3 worms
  54 orcs
  12 bats
  9 endoplasms
  A giant cockroach (D:1)
  12 goblins
  7 hobgoblins
  11 jackals
  15 kobolds
  3 quokkas (D:4)
  6 ball pythons
  3 frilled lizards
  A goblin skeleton (D:11)
  7 goblin zombies
  2 hobgoblin skeletons (D:11)
  10 hobgoblin zombies
  3 kobold zombies
  15 orc zombies (D:11)
  4 quokka zombies (Ossuary)
  4 rats
  4 rat zombies (Ossuary)
692 creatures vanquished.

Vanquished Creatures (collateral kills)
  A hydra (Lair:5)
  3 elephants (Lair:5)
  A black mamba (Lair:3)
  A cane toad (Lair:5)
  A hornet (Lair:5)
  A dream sheep (Lair:5)
  2 blink frogs (Lair:1)
  A shadow (D:10)
  2 vampires
  2 vampire mosquitoes (D:10)
  4 water moccasins
  4 wolves
  A centaur (D:9)
  A kobold brigand (D:7)
  A wight (D:8)
  A killer bee (D:7)
  7 kobolds (D:7)
34 creatures vanquished.

Vanquished Creatures (others)
  An ogre mage (D:12)
  A deep elf pyromancer (D:12)
  An orc wizard (Orc:1)
  3 foxfires (Swamp:1)
6 creatures vanquished.

Grand Total: 732 creatures vanquished

Notes
Turn   | Place    | Note
-------+----------+-------------------------------------------
     0 | D:1      | Kazon the Draconian Fighter began the quest for the Orb.
     0 | D:1      | Reached XP level 1. HP: 19/19 MP: 1/1
    48 | D:1      | Identified a scroll of acquirement
    48 | D:1      | Acquired the +8 whip "Snakebite" {venom, curare, rPois}
    48 | D:1      | Found the +8 whip "Snakebite" {venom, curare, rPois}
    77 | D:1      | Reached XP level 2. HP: 26/26 MP: 2/2
   594 | D:1      | Reached XP level 3. HP: 31/31 MP: 3/3
   824 | D:2      | You fall into a shaft and drop 2 floors!
   824 | D:4      | Found a staircase to the Ecumenical Temple.
   837 | Temple   | Entered the Ecumenical Temple
   858 | Temple   | Became a worshipper of Makhleb the Destroyer
  1145 | D:2      | Reached skill level 1 in Invocations
  1145 | D:2      | Reached XP level 4. HP: 34/40 MP: 4/4
  1166 | D:2      | Reached * piety under Makhleb
  1247 | D:2      | Reached skill level 1 in Maces & Flails
  1707 | D:3      | Found a stormy altar of Qazlal.
  1888 | D:3      | Found a faded altar of an unknown god.
  1911 | D:3      | Identified the +2 sling "Qeuhanocyt" {speed, rElec Str-3
                  | Dex+2}
  2026 | D:3      | Found a blossoming altar of Fedhas.
  2147 | D:4      | Reached XP level 5. HP: 43/46 MP: 6/6
  2319 | D:4      | Noticed a black bear
  2324 | D:4      | Killed a black bear
  2325 | D:4      | Reached skill level 1 in Throwing
  2567 | D:4      | Reached XP level 6. HP: 52/52 MP: 7/7
  2653 | D:4      | Noticed Sigmund
  2658 | D:4      | Killed Sigmund
  2659 | D:4      | Reached skill level 1 in Stealth
  2690 | D:4      | Reached skill level 1 in Ranged Weapons
  2690 | D:4      | Your scales start taking on a fiery red colour.
  2690 | D:4      | Reached XP level 7. HP: 56/60 MP: 9/9
  2690 | D:4      | Gained mutation: Your flesh is heat resistant. (rF+) [Red
                  | Draconian growth]
  2690 | D:4      | Reached ** piety under Makhleb
  2749 | D:4      | Found a hazy altar of Hepliaklqana.
  2752 | D:4      | Found a shadowy altar of Dithmenos.
  2752 | D:4      | Noticed a shadow
  2784 | D:5      | Entered Level 5 of the Dungeon
  2942 | D:5      | Reached skill level 1 in Evocations
  3223 | D:6      | Noticed Dowan
  3226 | D:6      | Noticed Duvessa
  3241 | D:6      | Killed Duvessa
  3242 | D:6      | Reached XP level 8. HP: 63/67 MP: 11/11
  3250 | D:6      | Killed Dowan
  3310 | D:6      | Reached skill level 5 in Invocations
  3400 | D:6      | Found a shimmering altar of Xom.
  3483 | D:6      | Reached *** piety under Makhleb
  3650 | D:6      | Reached skill level 5 in Maces & Flails
  3734 | D:7      | Noticed a two-headed ogre
  3745 | D:7      | Killed a two-headed ogre
  3746 | D:7      | Reached skill level 5 in Fighting
  3746 | D:7      | Reached skill level 1 in Axes
  3746 | D:7      | Reached XP level 9. HP: 35/74 MP: 10/13
  3819 | D:7      | Found a sand-covered staircase.
  3833 | Ossuary  | Entered an ossuary
  3987 | Ossuary  | Reached **** piety under Makhleb
  4366 | D:7      | Reached skill level 1 in Long Blades
  4649 | D:7      | Reached skill level 5 in Evocations
  4835 | D:7      | Reached XP level 10. HP: 70/81 MP: 15/15
  5096 | D:8      | Found a staircase to the Lair.
  5104 | D:8      | Reached skill level 5 in Shields
  5115 | D:8      | Reached skill level 5 in Dodging
  5153 | D:8      | Found Izo Qiri's Assorted Antiques.
  5168 | D:8      | Bought a scroll labelled JIYFIZX FOFUA for 29 gold pieces
  5168 | D:8      | Bought a sedimented brown potion for 26 gold pieces
  5168 | D:8      | Bought a curved iron wand for 116 gold pieces
  5428 | D:8      | Reached ***** piety under Makhleb
  6672 | D:9      | Reached XP level 11. HP: 87/89 MP: 17/17
  6974 | D:9      | Noticed Maurice
  6983 | D:9      | Killed Maurice
  7199 | D:10     | Entered Level 10 of the Dungeon
  7408 | D:10     | Noticed Snorg
  7418 | D:10     | Killed Snorg
  7429 | D:10     | Found a shimmering blue altar of Sif Muna.
  7695 | D:10     | Noticed a two-headed ogre
  7704 | D:10     | Killed a two-headed ogre
  8013 | Lair:1   | Entered Level 1 of the Lair of Beasts
  8286 | Lair:1   | You fall into a shaft and drop 1 floor!
  8359 | Lair:2   | Noticed a five-headed hydra
  8367 | Lair:2   | Killed a five-headed hydra
  8577 | Lair:1   | Reached XP level 12. HP: 89/100 MP: 19/19
  8780 | Lair:1   | Reached skill level 10 in Invocations
  8862 | Lair:1   | Reached skill level 5 in Axes
  8984 | Lair:2   | Noticed Amaemon
  8989 | Lair:2   | Paralysed by Amaemon for 4 turns
  9002 | Lair:2   | Killed Amaemon
  9021 | Lair:2   | Noticed a death yak
  9030 | Lair:2   | Noticed a death yak
  9034 | Lair:2   | Noticed a death yak
  9045 | Lair:2   | Killed a death yak
  9053 | Lair:1   | Killed a death yak
  9066 | Lair:2   | Killed a death yak
  9239 | Lair:2   | Found an ornate altar of the Wu Jian Council.
  9678 | Lair:3   | Found a staircase to the Swamp.
  9686 | Lair:3   | Found the +10 zealot's sword {holy, Zealotry, *Rage rN+
                  | EV+3}
  9784 | Lair:3   | Noticed a boulder beetle
  9807 | Lair:3   | Killed a boulder beetle
  9856 | Lair:3   | Found a staircase to the Snake Pit.
 10755 | Lair:4   | Reached XP level 13. HP: 103/107 MP: 20/20
 11579 | Lair:5   | Entered Level 5 of the Lair of Beasts
 11789 | Lair:5   | Reached skill level 10 in Evocations
 11917 | Lair:5   | Reached skill level 5 in Long Blades
 11919 | Lair:5   | Reached ****** piety under Makhleb
 12089 | Lair:5   | Found a staircase to the Slime Pits.
 12334 | Lair:5   | Reached XP level 14. HP: 112/118 MP: 22/22
 13028 | D:11     | Found a staircase to the Orcish Mines.
 13994 | D:12     | Noticed Rupert
 13998 | D:12     | Paralysed by Rupert for 3 turns
 14015 | D:12     | Killed Rupert
 14099 | D:12     | Reached skill level 10 in Shields
 14278 | D:12     | Found a frozen archway.
 14334 | IceCv    | Entered an ice cave
 14388 | IceCv    | Found the ring of the Tortoise {AC+8}
 15439 | D:13     | Found a gate to the Vaults.
 15575 | D:13     | Got the Verses on Mutagenic Frost
 15990 | D:13     | Identified the +1 robe of the Marlin {-Tele rN+ Dex+3}
 16097 | Orc:1    | Entered Level 1 of the Orcish Mines
 16405 | Orc:2    | Entered Level 2 of the Orcish Mines
 16405 | Orc:2    | Noticed Josephine
 16466 | Orc:1    | Killed Josephine
 16467 | Orc:1    | Reached skill level 10 in Fighting
 16868 | Orc:2    | Reached XP level 15. HP: 100/126 MP: 14/23
 16868 | Orc:2    | Found a staircase to the Elven Halls.
 17365 | Orc:2    | Found Itoejit's Antique Weapon Shop.
 17365 | Orc:2    | Found Lifoc's Assorted Antiques.
 17366 | Orc:2    | Found Fiots's General Store.
 17366 | Orc:2    | Found Jigu's Antique Armour Emporium.
 17375 | Orc:2    | Bought a pair of glowing gloves for 187 gold pieces
 17375 | Orc:2    | Bought a runed cloak for 187 gold pieces
 17392 | Orc:2    | Bought a potion of curing for 45 gold pieces
 17392 | Orc:2    | Bought a scroll of identify for 30 gold pieces
 17392 | Orc:2    | Bought a scroll of identify for 30 gold pieces
 17491 | Orc:1    | Reached skill level 5 in Throwing
 17491 | Orc:1    | Reached skill level 10 in Dodging
 17943 | Swamp:1  | Entered Level 1 of the Swamp
 18007 | Swamp:1  | Noticed a thorn hunter
 18143 | Swamp:1  | Noticed Kirke
 18188 | Swamp:1  | HP: 3/126 [will-o-the-wisp/foxfire (18)]
 18189 | Swamp:1  | Mangled by a thorn hunter

Illustrated notes

Levels and vault maps discovered:
D:1:      ebering_trefoil_3fold, layout_basic, st_stairs_14, serial_bayou_ford_a
D:2:      layout_basic, hangedman_decor_growths, minmay_close_crescents
D:3:      layout_rooms, mainiacjoe_overflow_concentric_impassable,
          mainiacjoe_overflow_paths, shapermc_ecumenical_altar_acropolis,
          chequers_serial_rivers_micro_b
D:4:      layout_basic, riverfiend_overflow_shadow_ancestor,
          minmay_temple_entry_glass, uniq_sigmund
D:5:      layout_gridville
D:6:      layout_basic, xom_teletrap_fun, uniq_duvessa
D:7:      layout_loops_ring, enter_ossuary_3, roderic_batcave
D:8:      layout_layer_cave, minmay_lair_entry_grove, serial_shops,
          nicolae_lakefront_shop, serial_ice, serial_ice_o, serial_ice_d,
          serial_ice_k, serial_ice_a
D:9:      layout_loops_ring, nicolae_wwwww, uniq_maurice
D:10:     layout_irregular_city, led_sif_pool, uniq_snorg
D:11:     layout_basic, zombieorc2_lemuel, chequers_garden
D:12:     layout_basic, portal_ice_cave_entry_imps,
          chequers_serial_rivers_micro_e, minivault_28, uniq_rupert
D:13:     layout_basic, lightli_vaults_fourway_checkpoint, serial_corexii_hall,
          chequers_hall_statues_wall_a, chequers_hall_statues_wall_a
Temple:   nicolae_temple_elliptical
Lair:1:   layout_big_grid, serial_bayou_pond_a
Lair:2:   layout_gridlike, basic_altar, uniq_amaemon
Lair:3:   layout_small_grid, swamp_mist, minmay_snake_entry_six_corridors,
          worms_lemuel, serial_bayou_shore_a
Lair:4:   layout_gridlike, nzn_random_ring, infiniplex_staircase_pool_2
Lair:5:   minmay_lair_end_enchanted_forest, layout_misc_corridors,
          dpeg_slime_entry_enclosed
Swamp:1:  layout_basic_swamp, evilmike_swamp_ruin_wall, swamp_pool2,
          nicolae_swamp_very_dense_foliage, infiniplex_staircase_pool,
          uniq_kirke, uniq_frances
Orc:1:    layout_caves, serial_shops, nicolae_orc_sculptors_studio
Orc:2:    st_orc_ogre_mass, layout_caves, basic_altar, nicolae_orc_tapped_out,
          uniq_josephine

Skill      XL: |  1  2  3  4  5  6  7  8  9 10 11 12 13 14 15 |
---------------+----------------------------------------------+-----
Dodging        | 3 4 5 6 8 9 10 | 10.0
Invocations    | 1 2 3 4 6 7 8 9 10 11 | 11.1
Maces & Flails | 1 2 3 4 5 6 7 8 9 |  9.4
Fighting       | 4 5 6 7 8 9 10 | 10.2
Throwing       | 1 2 3 4 5 |  5.3
Stealth        | 1 2 3 4 |  4.9
Ranged Weapons | 1 2 |  2.0
Shields        | 4 5 6 8 9 11 | 11.2
Evocations     | 1 3 5 6 7 9 10 11 | 11.1
Axes           | 1 2 4 5 |  5.6
Long Blades    | 1 2 5 8 |  8.2
Short Blades   | |  2.4

Action                     |  1- 3 |  4- 6 |  7- 9 | 10-12 | 13-15 || total
---------------------------+-------+-------+-------+-------+-------++-------
  Melee: Rapier            |    22 |       |       |       |       ||    22
         Whip              |    56 |    83 |    83 |   499 |   623 ||  1344
         Tailslap          |    10 |     8 |    55 |   101 |   182 ||   356
         Hand axe          |       |       |   147 |       |       ||   147
         Long sword        |       |       |    34 |       |       ||    34
         Dagger            |       |       |     7 |     3 |       ||    10
         War axe           |       |       |       |    95 |    13 ||   108
         Eudemon blade     |       |       |       |    67 |   469 ||   536
   Fire: Sling             |       |     4 |     5 |     5 |       ||    14
  Throw: Stone             |       |    15 |    24 |    17 |       ||    56
         Dart              |       |     7 |     3 |     4 |    72 ||    86
         Boomerang         |       |       |       |     8 |    37 ||    45
         Javelin           |       |       |       |       |     6 ||     6
 Invoke: Minor Destruction |       |       |    63 |    74 |    57 ||   194
         Lesser Servant of |       |       |     1 |     8 |     4 ||    13
         Major Destruction |       |       |       |       |     1 ||     1
Ability: Breathe Fire      |       |       |    29 |    38 |    39 ||   106
  Evoke: Wand              |       |       |       |     1 |    21 ||    22
    Use: Scroll            |     3 |       |       |    10 |    11 ||    24
         Potion            |       |       |       |     8 |     6 ||    14
   Stab: Sleeping          |       |       |    11 |     4 |     4 ||    19
         Distracted        |       |       |       |     1 |     1 ||     2
         Paralysed         |       |       |       |       |     7 ||     7
 Armour: Skin              |    12 |    13 |    52 |   260 |   208 ||   545
  Dodge: Dodged            |    34 |    56 |   127 |   337 |   481 ||  1035
  Block: Buckler           |    13 |    16 |    53 |    41 |       ||   123
         Tower shield      |       |       |       |   449 |   823 ||  1272
